AoeStats
← Oscar Romaci

Runestones

507622298Analyzed
1v1 RM · 13d ago on Sep 19, 2026· 40m 19s· 2 players
Game mode
Random Map
Map size
Tiny (2 player)
Population
200
Speed
Normal
Resources
Standard
Victory
Conquest
Starting age
Dark Age
Ending age
Imperial Age
RankedLock teamsTeams togetherTeam positionsShared explorationLock speedFull tech treeHidden civsTurbo modeCheats
Victory
Defeat
🇩🇪 Slavs · Germany
373
+11
🇲🇽 Turks · Mexico
260
-11
Oscar Romaci
12:12 Feudal Age
12:39 Double-Bit Axe
12:52 Gold Mining
14:21 Wheelbarrow
18:39 Stone Mining
29:21 Castle Age
29:27 Fletching
29:39 Padded Archer Armor
29:40 Scale Mail Armor
29:52 Arson
32:25 Hand Cart
35:47 Gold Shaft Mining
35:28 Bow Saw
37:30 Bodkin Arrow
37:51 Leather Archer Armor
41:40 Imperial Age
40:57 Ballistics
SillyHuman1988
7:21 Loom
10:29 Feudal Age
10:51 Horse Collar
15:08 Double-Bit Axe
17:58 Man-at-Arms
23:00 Castle Age
22:33 Fletching
22:35 Gold Mining
22:39 Stone Mining
23:31 Scale Mail Armor
23:54 Heavy Plow
24:08 Bow Saw
24:19 Town Watch
24:16 Long Swordsman
26:11 Gold Shaft Mining
26:10 Murder Holes
26:37 Ballistics
26:25 Squires
28:42 Wheelbarrow
27:56 Crossbowman
30:09 Husbandry
30:17 Scale Barding Armor
30:14 Padded Archer Armor
31:43 Forging
35:59 Imperial Age
34:15 Bodkin Arrow
35:46 Leather Archer Armor
36:50 Iron Casting
38:08 Two-Handed Swordsman
38:15 Cavalier
Connection lost

Rejoining the realm…

Still unreachable

The connection could not be restored.

Session expired

The server has moved on; the page needs a fresh start.